ABL
PENRITH PANTHERS @ ST. GEORGE DRAGONS
05/19/2022
 
TOP OF THE 1ST
Penrith Panthers batting - Pitching for St. George Dragons : RHP Andy Crockett
Pitching: RHP Andy Crockett
Batting: LHB Ben Burgoin 0-0: Called Strike
0-1: Fly out, F7 (Flyball, 7LS, EV 65.0 MPH)
Batting: RHB Kevin Emmett 0-0: SINGLE (Line Drive, 6M, EV 99.4 MPH)
Batting: RHB Cedric Neill 0-0: Ball
1-0: Fly out, F7 (Flyball, 7D, EV 93.8 MPH)
Batting: RHB Ian Rogers 0-0: Called Strike
0-1: Ball
1-1: Ball
2-1: Ball
3-1: Foul Ball, location: 25FF
3-2: Base on Balls
Kevin Emmett to second
Batting: RHB Butch Millar 0-0: Foul Ball, location: 5F
0-1: Foul Ball, location: 9LDF
0-2: Ball
1-2: Ball
2-2: Foul Ball, location: 5F
2-2: DOUBLE (Groundball, 5L, EV 103.1 MPH)
Kevin Emmett scores
Ian Rogers to third
Runner from 3rd tries for Home, SAFE, throw by LF to home
Batting: RHB Darren Rochow 0-0: Ball
1-0: Swinging Strike
1-1: Foul Ball, location: 2F
1-2: Strikes out swinging
Top of the 1st over - 2 runs, 2 hits, 0 errors, 1 left on base; Penrith 2 - St. George 0
BOTTOM OF THE 1ST
St. George Dragons batting - Pitching for Penrith Panthers : LHP Michael Hosking
Pitching: LHP Michael Hosking
Batting: RHB Frank Scott 0-0: Called Strike
0-1: Called Strike
0-2: Ground out 5-3 (Groundball, 5L, EV 95.6 MPH)
Batting: LHB Redford Crosse 0-0: Ball
1-0: DOUBLE (Line Drive, 89XD, EV 107.5 MPH)
Batting: SHB Darren Sabin 0-0: Ball
1-0: Ball
2-0: Ball
3-0: Base on Balls
Batting: RHB Ray Emelio 0-0: Ball
1-0: Ball
2-0: Fielders Choice at 2nd, 1-6 (Groundball, 13S, EV 71.3 MPH)
Redford Crosse to third
Batting: RHB Darron Matts 0-0: Ball
1-0: Called Strike
1-1: Ground out 5-3 (Groundball, 5S, EV 71.9 MPH)
Bottom of the 1st over - 0 runs, 1 hit, 0 errors, 2 left on base; Penrith 2 - St. George 0
TOP OF THE 2ND
Penrith Panthers batting - Pitching for St. George Dragons : RHP Andy Crockett
Batting: RHB Mark Ruzic 0-0: Ball
1-0: Called Strike
1-1: Foul Ball, location: 3SF
1-2: Ball
2-2: Strikes out looking
Batting: RHB Johnny O'Brien 0-0: Ball
1-0: Foul Ball, location: 5F
1-1: Ground out 6-3 (Groundball, 6, EV 82.5 MPH)
Batting: LHB Michael Hosking 0-0: Ball
1-0: Called Strike
1-1: Foul Ball, location: 3SF
1-2: Strikes out looking
Top of the 2nd over - 0 runs, 0 hits, 0 errors, 0 left on base; Penrith 2 - St. George 0
BOTTOM OF THE 2ND
St. George Dragons batting - Pitching for Penrith Panthers : LHP Michael Hosking
Batting: LHB Ben Etheridge 0-0: Ball
1-0: Foul Ball, location: 2F
1-1: Ball
2-1: Swinging Strike
2-2: Ball
3-2: Foul Ball, location: 7LMF
3-2: Ground out 4-3 (Groundball, 4, EV 90.6 MPH)
Batting: RHB Jason Pearce 0-0: Called Strike
0-1: Ball
1-1: Ground out 1-3 (Groundball, P, EV 66.9 MPH)
Batting: RHB Andy Crockett 0-0: Ball
1-0: Ball
2-0: Ground out U3 (Groundball, 34, EV 108.1 MPH)
Bottom of the 2nd over - 0 runs, 0 hits, 0 errors, 0 left on base; Penrith 2 - St. George 0
TOP OF THE 3RD
Penrith Panthers batting - Pitching for St. George Dragons : RHP Andy Crockett
Batting: LHB Ben Burgoin 0-0: Ball
1-0: Ball
2-0: Foul Ball, location: 2F
2-1: Swinging Strike
2-2: Ball
3-2: Strikes out swinging
Batting: RHB Kevin Emmett 0-0: Ball
1-0: Foul Ball, location: 2F
1-1: Swinging Strike
1-2: Ball
2-2: Foul Ball, location: 25FF
2-2: Foul Ball, location: 23FF
2-2: DOUBLE (Line Drive, 9LD, EV 102.5 MPH)
Batting: RHB Cedric Neill 0-0: Called Strike
0-1: Ground out U3 (Groundball, 3, EV 84.4 MPH)
Kevin Emmett to third
Batting: RHB Ian Rogers 0-0: Ball
1-0: Ball
2-0: Called Strike
2-1: Swinging Strike
2-2: Ball
3-2: Ground out U3 (Groundball, 3, EV 83.1 MPH)
Top of the 3rd over - 0 runs, 1 hit, 0 errors, 1 left on base; Penrith 2 - St. George 0
BOTTOM OF THE 3RD
St. George Dragons batting - Pitching for Penrith Panthers : LHP Michael Hosking
Batting: RHB Bill Orson 0-0: Foul Ball, location: 3FF
0-1: Foul Ball, location: 9LMF
0-2: Strikes out swinging
Batting: RHB Frank Scott 0-0: Foul Ball, location: 2F
0-1: Ball
1-1: Ball
2-1: Ball
3-1: SINGLE (Line Drive, 89S, EV 98.1 MPH)
Batting: LHB Redford Crosse 0-0: Fly out, F8 (Flyball, 8RD, EV 91.3 MPH)
Batting: SHB Darren Sabin 0-0: Ball
1-0: Ball
2-0: Ball
3-0: Foul Ball, location: 2F
3-1: DOUBLE (Line Drive, 3D, EV 105.0 MPH)
Frank Scott to third
Batting: RHB Ray Emelio 0-0: Foul Ball, location: 3F
0-1: Ground out 1-3 (Groundball, 15, EV 69.4 MPH)
Bottom of the 3rd over - 0 runs, 2 hits, 0 errors, 2 left on base; Penrith 2 - St. George 0
TOP OF THE 4TH
Penrith Panthers batting - Pitching for St. George Dragons : RHP Andy Crockett
Batting: RHB Butch Millar 0-0: Ball
1-0: Ball
2-0: Ball
3-0: Base on Balls
Batting: RHB Darren Rochow 0-0: Ball
1-0: Swinging Strike
1-1: DOUBLE (Line Drive, 89D, EV 98.8 MPH)
Butch Millar to third
Batting: RHB Mark Ruzic 0-0: Ball
1-0: Called Strike
1-1: Fly out, F9 (Flyball, 89D, EV 89.4 MPH)
Runner from 3rd tags up, OUT at HOME! 9-2
Darren Rochow to third
Batting: RHB Johnny O'Brien 0-0: Intentional Walk
Batting: LHB Michael Hosking 0-0: Fly out, F8 (Flyball, 89D, EV 91.9 MPH)
Top of the 4th over - 0 runs, 1 hit, 0 errors, 2 left on base; Penrith 2 - St. George 0
BOTTOM OF THE 4TH
St. George Dragons batting - Pitching for Penrith Panthers : LHP Michael Hosking
Now at 1B: Chase Braytham
Batting: RHB Darron Matts 0-0: Ball
1-0: Ball
2-0: SINGLE (Line Drive, 8RS, EV 90.6 MPH)
Batting: LHB Ben Etheridge 0-0: Ball
1-0: Called Strike
1-1: Ball
2-1: SINGLE (Line Drive, 6D, EV 105.0 MPH)
Darron Matts to second
Batting: RHB Jason Pearce 0-0: Called Strike
0-1: Foul Ball, location: 9LMF
0-2: Foul Ball, location: 2F
0-2: Fielders Choice at 2nd, 5-4 (Groundball, 56S, EV 89.4 MPH)
Darron Matts to third
Batting: RHB Andy Crockett 0-0: Swinging Strike
0-1: Swinging Strike
0-2: Sac Bunt to 5S - play at first, batter OUT! 5-3
Jason Pearce to second
Batting: RHB Bill Orson 0-0: Ball
1-0: SINGLE (Line Drive, 89S, EV 97.5 MPH)
Darron Matts scores
Jason Pearce to third
Runner from 3rd tries for Home, SAFE, throw by RF to home
Batting: RHB Frank Scott 0-0: Ball
1-0: Swinging Strike
1-1: Foul Ball, location: 9LMF
1-2: Ball
2-2: Ground out 6-3 (Groundball, P, EV 85.0 MPH)
Bottom of the 4th over - 2 runs, 3 hits, 0 errors, 1 left on base; Penrith 2 - St. George 2
TOP OF THE 5TH
Penrith Panthers batting - Pitching for St. George Dragons : RHP Andy Crockett
Batting: LHB Ben Burgoin 0-0: Called Strike
0-1: TRIPLE (Flyball, 89XD, EV 106.3 MPH)
Batting: RHB Kevin Emmett 0-0: Ground out 4-3 (Groundball, 4, EV 100.6 MPH)
Ben Burgoin scores
Batting: RHB Cedric Neill 0-0: Hit by Pitch
Batting: RHB Ian Rogers 0-0: Ball
1-0: Swinging Strike
1-1: Foul Ball, location: 2F
1-2: Foul Ball, location: 2RF
1-2: Ball
2-2: Ball
3-2: Grounds into double play, 4-6-3 (Groundball, 34, EV 84.4 MPH)
Top of the 5th over - 1 run, 1 hit, 0 errors, 0 left on base; Penrith 3 - St. George 2
BOTTOM OF THE 5TH
St. George Dragons batting - Pitching for Penrith Panthers : LHP Michael Hosking
Batting: LHB Redford Crosse 0-0: Foul Ball, location: 7LMF
0-1: SINGLE (Line Drive, 5D, EV 104.4 MPH)
Batting: SHB Darren Sabin 0-0: Called Strike
0-1: Fly out, F7 (Flyball, 7, EV 84.4 MPH)
Batting: RHB Ray Emelio 0-0: Called Strike
0-1: Ball
1-1: Ball
2-1: Called Strike
2-2: Ball
Redford Crosse steals 2nd base
3-2: Base on Balls
Batting: RHB Darron Matts 0-0: Foul Ball, location: 5F
0-1: Fielders Choice at 2nd, 6-4 (Groundball, 56, EV 98.1 MPH)
Redford Crosse to third
Batting: LHB Ben Etheridge 0-0: Fly out, F7 (Flyball, 7LS, EV 89.4 MPH)
Bottom of the 5th over - 0 runs, 1 hit, 0 errors, 2 left on base; Penrith 3 - St. George 2
TOP OF THE 6TH
Penrith Panthers batting - Pitching for St. George Dragons : RHP Andy Crockett
Batting: LHB Chase Braytham 0-0: Foul Ball, location: 5FF
0-1: Ball
1-1: Ball
2-1: Ball
3-1: Foul Ball, location: 7LMF
3-2: Fly out, F5 (Popup, 5, EV 71.3 MPH)
Batting: RHB Darren Rochow 0-0: Called Strike
0-1: Ground out U3 (Groundball, 3S, EV 86.3 MPH)
Batting: RHB Mark Ruzic 0-0: Ball
1-0: Foul Ball, location: 2F
1-1: Called Strike
1-2: SINGLE (Line Drive, 89S, EV 101.3 MPH)
Batting: RHB Johnny O'Brien 0-0: Ball
1-0: Ball
2-0: Foul Ball, location: 9LDF
2-1: Ball
3-1: Ground out 4-3 (Groundball, 4, EV 89.4 MPH)
Top of the 6th over - 0 runs, 1 hit, 0 errors, 1 left on base; Penrith 3 - St. George 2
BOTTOM OF THE 6TH
St. George Dragons batting - Pitching for Penrith Panthers : LHP Michael Hosking
Batting: RHB Jason Pearce 0-0: Ball
1-0: Ball
2-0: Swinging Strike
2-1: Called Strike
2-2: Strikes out swinging
Pinch Hitting: LHB Lenny Pullen 0-0: Called Strike
0-1: Ball
1-1: Ground out U3 (Groundball, 3, EV 83.8 MPH)
Batting: RHB Bill Orson 0-0: Called Strike
0-1: Foul Ball, location: 2F
0-2: Ball
1-2: Ground out 6-3 (Groundball, 6MD, EV 95.0 MPH)
Bottom of the 6th over - 0 runs, 0 hits, 0 errors, 0 left on base; Penrith 3 - St. George 2
TOP OF THE 7TH
Penrith Panthers batting - Pitching for St. George Dragons : RHP Andy Crockett
Pitching: RHP Noel Smith
Batting: LHB Michael Hosking 0-0: Ball
1-0: Foul Ball, location: 7LMF
1-1: Called Strike
1-2: Foul Ball, location: 2F
1-2: Strikes out swinging
Batting: LHB Ben Burgoin 0-0: Ball
1-0: Called Strike
1-1: Ball
2-1: Fly out, F6 (Popup, P, EV 79.4 MPH)
Batting: RHB Kevin Emmett 0-0: Fly out, F8 (Flyball, 8LD, EV 98.8 MPH)
Top of the 7th over - 0 runs, 0 hits, 0 errors, 0 left on base; Penrith 3 - St. George 2
BOTTOM OF THE 7TH
St. George Dragons batting - Pitching for Penrith Panthers : LHP Michael Hosking
Batting: RHB Frank Scott 0-0: Foul Ball, location: 2F
0-1: Called Strike
0-2: Ball
1-2: Strikes out swinging
Batting: LHB Redford Crosse 0-0: Called Strike
0-1: Ball
1-1: Ball
2-1: Swinging Strike
2-2: Foul Ball, location: 5FF
2-2: Ball
3-2: Strikes out swinging
Batting: SHB Darren Sabin 0-0: TRIPLE (Flyball, 89XD, EV 104.4 MPH)
Pitching: LHP Bob Mill
Batting: RHB Ray Emelio 0-0: Swinging Strike
0-1: Swinging Strike
0-2: Ball
1-2: Ball
2-2: Ball
3-2: Strikes out swinging
Bottom of the 7th over - 0 runs, 1 hit, 0 errors, 1 left on base; Penrith 3 - St. George 2
TOP OF THE 8TH
Penrith Panthers batting - Pitching for St. George Dragons : RHP Noel Smith
Batting: RHB Cedric Neill 0-0: Called Strike
0-1: Swinging Strike
0-2: Strikes out swinging
Batting: RHB Ian Rogers 0-0: Ball
1-0: Ball
2-0: Swinging Strike
2-1: Foul Ball, location: 5FF
2-2: Ball
3-2: Foul Ball, location: 3SF
3-2: Base on Balls
Batting: LHB Chase Braytham 0-0: Ball
1-0: Swinging Strike
1-1: Foul Ball, location: 7LSF
1-2: Ball
2-2: Ball
3-2: Strikes out swinging
Batting: RHB Darren Rochow 0-0: Ball
1-0: Ball
2-0: Foul Ball, location: 9LMF
2-1: Foul Ball, location: 2F
2-2: Ball
3-2: Base on Balls
Ian Rogers to second
Batting: RHB Mark Ruzic 0-0: Swinging Strike
0-1: Called Strike
0-2: Strikes out swinging
Top of the 8th over - 0 runs, 0 hits, 0 errors, 2 left on base; Penrith 3 - St. George 2
BOTTOM OF THE 8TH
St. George Dragons batting - Pitching for Penrith Panthers : LHP Bob Mill
Now in LF: Darren Rochow
Now in RF: Joel Kiddler
Batting: RHB Darron Matts 0-0: Called Strike
0-1: Foul Ball, location: 3SF
0-2: Strikes out swinging
Batting: LHB Ben Etheridge 0-0: Ball
1-0: Swinging Strike
1-1: Ball
2-1: Swinging Strike
2-2: Strikes out looking
Batting: RHB Jason Pearce 0-0: Ball
1-0: Foul Ball, location: 2F
1-1: Fly out, F8 (Flyball, 8RD, EV 96.9 MPH)
Bottom of the 8th over - 0 runs, 0 hits, 0 errors, 0 left on base; Penrith 3 - St. George 2
TOP OF THE 9TH
Penrith Panthers batting - Pitching for St. George Dragons : RHP Noel Smith
Batting: RHB Johnny O'Brien 0-0: Swinging Strike
0-1: Ball
1-1: Ground out U3 (Groundball, 3, EV 104.4 MPH)
Pinch Hitting: LHB Harry McKean 0-0: Called Strike
0-1: Ground out 6-3 (Groundball, P, EV 89.4 MPH)
Batting: LHB Ben Burgoin 0-0: Ball
1-0: Ball
2-0: Ball
3-0: Called Strike
3-1: Called Strike
3-2: Foul Ball, location: 2F
3-2: Foul Ball, location: 5SF
3-2: Foul Ball, location: 7LMF
3-2: Foul Ball, location: 23F
3-2: Strikes out swinging
Top of the 9th over - 0 runs, 0 hits, 0 errors, 0 left on base; Penrith 3 - St. George 2
BOTTOM OF THE 9TH
St. George Dragons batting - Pitching for Penrith Panthers : LHP Bob Mill
Pitching: RHP Matthew Ince
Pinch Hitting: RHB Kris Crowe 0-0: Called Strike
0-1: Called Strike
0-2: Strikes out swinging
Pinch Hitting: SHB Daniel Lam 0-0: Swinging Strike
0-1: Ball
1-1: Swinging Strike
1-2: Ball
2-2: Foul Ball, location: 2F
2-2: Ground out 4-3 (Groundball, 4, EV 76.9 MPH)
Batting: RHB Frank Scott 0-0: Ball
1-0: Ground out 4-3 (Groundball, 34, EV 104.4 MPH)
Bottom of the 9th over - 0 runs, 0 hits, 0 errors, 0 left on base; Penrith 3 - St. George 2
Thursday, May 2nd , 2024 - OOTP Baseball 24.9 Build 80